Los Angeles Kings vs Chicago Black Hawks
Created - Friday, May 2, 2025 at 07:41
Goals
|
| Los Angeles Kings |
2 |
2 |
1 |
5 |
| Chicago Black Hawks |
0 |
2 |
0 |
2 |
|
Shots
|
| Los Angeles Kings |
11 |
10 |
18 |
39 |
| Chicago Black Hawks |
11 |
10 |
12 |
33 |
|
1st period
1. Los Angeles Kings , Alexander Alexeyev 1 (Andrei Kuzmenko 16, Michael Eyssimont 8) at 13:23
2. Los Angeles Kings , Logan Cooley 16 (Owen Power 18, K'Andre Miller 17) at 16:30
Penalties :
David Jiricek (CHI) for Holding (Minor) at 10:28
2nd period
3. Chicago Black Hawks , Claude Giroux 18 (Jack Drury 9, Noah Cates 4) at 0:28
4. Los Angeles Kings , Logan Cooley 17 (Matthew Boldy 36, Alexander Alexeyev 1) at 3:09
5. Los Angeles Kings , Logan Cooley 18 (K'Andre Miller 18, Matthew Boldy 37) at 8:39
6. Chicago Black Hawks , Colton Sissons 21 (Lucas Raymond 34, Claude Giroux 31) at 17:47 (PP)
Penalties :
Matthew Boldy (LAK) for Tripping (Minor) at 4:36, Simon Nemec (CHI) for Fighting (Major) at 11:00, Trent Frederic (LAK) for Fighting (Major) at 11:00, Justin Faulk (CHI) for High sticking (Minor) at 11:15, MacKenzie Weegar (LAK) for High sticking (Minor) at 17:41
3rd period
7. Los Angeles Kings , Trent Frederic 12 (Ryan Reaves 4) at 8:38
Penalties :
David Jiricek (CHI) for Roughing (Minor) at 19:04
Goalie Stats
Jonas Johansson (LAK), 31 saves from 33 shots - (0.939), W, 3-16-3, 60:00 minutes
Adin Hill (CHI), 34 saves from 39 shots - (0.872), L, 16-16-2, 60:00 minutes
Players Stats for Los Angeles Kings
Player Name G A P +/- PIM S H SB GA TA FO MP PP MP PK MP
------------------------------------------------------------------------------------
Adam Fantilli 0 0 0 -1 0 5 2 0 3 2 8/19 17:33 2:29 0:00
Alex Gallant 0 0 0 -1 0 1 0 0 1 1 0/0 18:26 2:29 0:21
Alexander Alexeyev 1 1 2 2 0 1 0 2 1 1 0/0 16:15 0:00 0:00
Alexander Romanov 0 0 0 2 0 2 1 1 1 1 0/0 16:15 0:00 0:00
Andrei Kuzmenko 0 1 1 1 0 7 1 0 2 1 0/1 15:00 0:00 0:56
Andrei Svechnikov 0 0 0 -1 0 1 2 0 2 0 0/3 18:43 2:29 0:56
Blake Wheeler 0 0 0 1 0 4 0 0 2 0 3/6 9:00 0:00 0:48
K'Andre Miller 0 2 2 2 0 2 2 1 1 0 0/0 21:52 2:47 0:53
Logan Cooley 3 0 3 3 0 5 4 1 0 0 4/14 18:43 2:24 0:09
MacKenzie Weegar 0 0 0 0 2 1 1 0 1 0 0/0 21:52 2:06 1:12
Matthew Boldy 0 2 2 3 2 2 2 0 1 0 0/0 18:42 2:24 0:00
Michael Eyssimont 0 1 1 1 0 0 3 1 0 0 1/7 13:36 0:00 0:00
Noah Dobson 0 0 0 0 0 2 0 1 1 3 0/0 21:53 2:06 1:12
Owen Power 0 1 1 2 0 2 0 2 0 0 0/0 21:52 2:47 0:53
Ryan Reaves 0 1 1 1 0 0 0 0 0 0 0/0 8:12 0:00 0:00
Seth Jarvis 0 0 0 3 0 3 2 2 0 0 0/1 19:13 2:24 1:00
Trent Frederic 1 0 1 1 5 1 0 0 1 0 1/1 7:09 0:00 0:00
Vitali Kravtsov 0 0 0 1 0 0 0 0 0 0 0/2 13:36 0:00 0:00
Players Stats for Chicago Black Hawks
Player Name G A P +/- PIM S H SB GA TA FO MP PP MP PK MP
------------------------------------------------------------------------------------
Barrett Hayton 0 0 0 0 0 2 2 2 0 1 0/0 15:52 0:00 0:14
Bobby Brink 0 0 0 0 0 6 0 0 0 0 1/1 15:48 0:01 0:00
Caleb Jones 0 0 0 -1 0 0 1 0 0 2 0/0 16:23 0:00 0:56
Claude Giroux 1 1 2 -3 0 4 2 0 0 2 20/24 24:03 1:03 2:16
Cole Sillinger 0 0 0 -1 0 1 1 1 0 1 7/13 18:42 1:01 2:28
Colton Sissons 1 0 1 -3 0 2 1 0 0 0 1/1 17:07 1:03 2:32
David Jiricek 0 0 0 -1 4 0 0 1 0 1 0/0 16:26 0:00 1:10
Jack Drury 0 1 1 0 0 3 1 0 0 0 3/4 8:22 0:00 0:00
Jakob Pelletier 0 0 0 0 0 0 0 0 0 1 0/2 1:41 0:01 0:00
Joseph Veleno 0 0 0 0 0 3 1 0 1 3 4/7 16:18 0:01 0:00
Justin Faulk 0 0 0 -2 2 2 3 1 2 0 0/0 23:21 1:04 1:27
Leo Carlsson 0 0 0 -1 0 1 3 1 0 0 0/0 16:04 1:01 0:00
Lucas Raymond 0 1 1 -3 0 3 0 0 3 1 0/1 17:01 1:03 2:16
Noah Cates 0 1 1 0 0 1 0 0 0 0 0/0 8:22 0:00 0:00
Simon Nemec 0 0 0 -2 5 1 0 0 1 1 0/0 21:48 1:04 1:27
Trevor Zegras 0 0 0 -1 0 3 1 0 2 2 1/1 16:17 1:01 0:05
Urho Vaakanainen 0 0 0 -1 0 1 3 0 0 0 0/0 20:39 1:01 2:37
Vincent Desharnais 0 0 0 -1 0 0 1 2 0 2 0/0 20:49 1:01 2:04
3 Stars
1 - Logan Cooley (LAK)
2 - Alexander Alexeyev (LAK)
3 - K'Andre Miller (LAK)
Power Play
Los Angeles Kings - 0 on 3 Attempt(s) - 0.00%
Chicago Black Hawks - 1 on 2 Attempt(s) - 50.00%
Penalty Kill
Los Angeles Kings - 1 on 2 Attempt(s) - 50.00%
- Score 0 goal in Penalty Kill
Chicago Black Hawks - 3 on 3 Attempt(s) - 100.00%
- Score 0 goal in Penalty Kill
Team Stat
Los Angeles Kings - Hits : 20 - Faceoff Wins : 17 - Blocked Shots : 11 - Penalty Minutes : 9
Chicago Black Hawks - Hits : 20 - Faceoff Wins : 37 - Blocked Shots : 8 - Penalty Minutes : 11
Official
Referees : Brandon Schrader and Jean Hebert
Linesman : Tommy Hughes and Joseph Mahon
Game Notes
Logan Cooley has scored a Hat Trick!
Trent Frederic beats up Simon Nemec at 11:00 of 2nd period
Finance
Level 1 -- Attendance: 4709 (78.48%) -- Ticket Income $470,900
Level 2 -- Attendance: 3749 (74.98%) -- Ticket Income $224,940
Level 3 -- Attendance: 2100 (70.00%) -- Ticket Income $73,500
Level 4 -- Attendance: 3500 (70.00%) -- Ticket Income $87,500
Luxury Box -- Attendance: 781 (78.10%) -- Ticket Income $156,200
Game was played at the United Center.
Total Attendance: 14839 (74.20%)
Total Ticket Income: $1,013,040
Other Income: $354,564
Total Income: $1,367,604
Los Angeles Kings
5 vs 5 Forward
Center Left Wing Right Wing Time % Phy DF OF
1 Logan Cooley Matthew Boldy Seth Jarvis 30 1 2 2
2 Adam Fantilli Alex Gallant Andrei Svechnikov 30 1 2 2
3 Michael Eyssimont Vitali Kravtsov Andrei Kuzmenko 25 1 2 2
4 Blake Wheeler Ryan Reaves Trent Frederic 15 1 2 2
5 vs 5 Defense
Defense Defense Time % Phy DF OF
1 MacKenzie Weegar Noah Dobson 35 1 2 2
2 K'Andre Miller Owen Power 35 1 2 2
3 Alexander Romanov Alexander Alexeyev 30 1 2 2
4 MacKenzie Weegar Noah Dobson 0 1 2 2
PowerPlay Forward
Center Left Wing Right Wing Time % Phy DF OF
1 Logan Cooley Matthew Boldy Seth Jarvis 50 1 2 2
2 Adam Fantilli Alex Gallant Andrei Svechnikov 50 1 2 2
PowerPlay Defense
Defense Defense Time % Phy DF OF
1 MacKenzie Weegar Noah Dobson 50 1 2 2
2 K'Andre Miller Owen Power 50 1 2 2
Penalty Kill 4 Players Forward
Center Wing Time % Phy DF OF
1 Seth Jarvis Matthew Boldy 50 1 2 2
2 Andrei Svechnikov Andrei Kuzmenko 50 1 2 2
Penalty Kill 4 Players Defense
Defense Defense Time % Phy DF OF
1 MacKenzie Weegar Noah Dobson 50 1 2 2
2 K'Andre Miller Owen Power 50 1 2 2
Penalty Kill - 3 Players Forward
Forward Time % Phy DF OF
1 Seth Jarvis 50 1 2 2
2 Matthew Boldy 50 1 2 2
Penalty Kill - 3 Players Defense
Defense Defense Time % Phy DF OF
1 MacKenzie Weegar Noah Dobson 50 1 2 2
2 K'Andre Miller Owen Power 50 1 2 2
4 vs 4 Forward
Center Wing Time % Phy DF OF
1 Seth Jarvis Matthew Boldy 50 1 2 2
2 Andrei Svechnikov Andrei Kuzmenko 50 1 2 2
4 vs 4 Defense
Defense Defense Time % Phy DF OF
1 MacKenzie Weegar Noah Dobson 50 1 2 2
2 K'Andre Miller Owen Power 50 1 2 2
Last Minutes Offensive
Center Left Wing Right Wing Defense Defense
Logan Cooley Matthew Boldy Seth Jarvis MacKenzie Weegar Noah Dobson
Last Minutes Defensive
Center Left Wing Right Wing Defense Defense
Logan Cooley Matthew Boldy Seth Jarvis MacKenzie Weegar Noah Dobson
Goaltenders
Starting : Jonas Johansson
Backup : Andrei Vasilevskiy
Extra Forwards
Normal : Trent Frederic, Seth Jarvis, Blake Wheeler - PP : Trent Frederic, Matthew Boldy - PK : Blake Wheeler
Extra Defensemen
Normal : MacKenzie Weegar, Noah Dobson, K'Andre Miller - PP : Noah Dobson - PK : MacKenzie Weegar, K'Andre Miller
Penalty Shots
Seth Jarvis, Matthew Boldy, Andrei Svechnikov, Andrei Kuzmenko, Blake Wheeler
Scratches
Cooper Marody (Healthy), Michael Milne (Healthy), Jakub Zboril (Healthy)
Chicago Black Hawks
5 vs 5 Forward
Center Left Wing Right Wing Time % Phy DF OF
1 Claude Giroux Lucas Raymond Colton Sissons 30 1 2 2
2 Cole Sillinger Trevor Zegras Leo Carlsson 30 1 2 2
3 Joseph Veleno Barrett Hayton Bobby Brink 25 1 2 2
4 Jack Drury Noah Cates Claude Giroux 15 1 2 2
5 vs 5 Defense
Defense Defense Time % Phy DF OF
1 Justin Faulk Simon Nemec 30 1 2 2
2 Urho Vaakanainen Vincent Desharnais 30 1 2 2
3 Caleb Jones David Jiricek 25 1 2 2
4 Justin Faulk Simon Nemec 15 1 2 2
PowerPlay Forward
Center Left Wing Right Wing Time % Phy DF OF
1 Claude Giroux Lucas Raymond Colton Sissons 50 1 2 2
2 Cole Sillinger Trevor Zegras Leo Carlsson 50 1 2 2
PowerPlay Defense
Defense Defense Time % Phy DF OF
1 Justin Faulk Simon Nemec 50 1 2 2
2 Urho Vaakanainen Vincent Desharnais 50 1 2 2
Penalty Kill 4 Players Forward
Center Wing Time % Phy DF OF
1 Claude Giroux Lucas Raymond 50 1 2 2
2 Colton Sissons Cole Sillinger 50 1 2 2
Penalty Kill 4 Players Defense
Defense Defense Time % Phy DF OF
1 Justin Faulk Simon Nemec 50 1 2 2
2 Urho Vaakanainen Vincent Desharnais 50 1 2 2
Penalty Kill - 3 Players Forward
Forward Time % Phy DF OF
1 Claude Giroux 50 1 2 2
2 Lucas Raymond 50 1 2 2
Penalty Kill - 3 Players Defense
Defense Defense Time % Phy DF OF
1 Justin Faulk Simon Nemec 50 1 2 2
2 Urho Vaakanainen Vincent Desharnais 50 1 2 2
4 vs 4 Forward
Center Wing Time % Phy DF OF
1 Claude Giroux Lucas Raymond 50 1 2 2
2 Colton Sissons Cole Sillinger 50 1 2 2
4 vs 4 Defense
Defense Defense Time % Phy DF OF
1 Justin Faulk Simon Nemec 50 1 2 2
2 Urho Vaakanainen Vincent Desharnais 50 1 2 2
Last Minutes Offensive
Center Left Wing Right Wing Defense Defense
Claude Giroux Lucas Raymond Colton Sissons Justin Faulk Simon Nemec
Last Minutes Defensive
Center Left Wing Right Wing Defense Defense
Claude Giroux Lucas Raymond Colton Sissons Justin Faulk Simon Nemec
Goaltenders
Starting : Adin Hill
Backup : Alexandar Georgiev
Extra Forwards
Normal : Jakob Pelletier, Joseph Veleno, Barrett Hayton - PP : Jakob Pelletier, Joseph Veleno - PK : Barrett Hayton
Extra Defensemen
Normal : Caleb Jones, David Jiricek, Urho Vaakanainen - PP : Caleb Jones - PK : David Jiricek, Urho Vaakanainen
Penalty Shots
Claude Giroux, Lucas Raymond, Colton Sissons, Cole Sillinger, Trevor Zegras
Scratches
Brett Howden (Healthy), Jon Merrill (Healthy), Shane Wright (Healthy), Antonio Stranges (Healthy), Filip Gustavsson (Healthy)
% Time on Ice - Los Angeles Kings
Lines # - Real PCT - Wanted PCT - Time Play
Normal Forward
1 - 30% - 30% - 16:10
2 - 28% - 30% - 15:04
3 - 26% - 25% - 13:36
4 - 15% - 15% - 8:12
Normal Defense
1 - 34% - 35% - 17:57
2 - 34% - 35% - 18:12
3 - 31% - 30% - 16:15
4 - 1% - 0% - 0:38
PP Forward
1 - 49% - 50% - 2:24
2 - 51% - 50% - 2:29
PP Defense
1 - 43% - 50% - 2:06
2 - 57% - 50% - 2:47
PK Forward
1 - 55% - 50% - 1:09
2 - 45% - 50% - 0:56
PK Defense
1 - 58% - 50% - 1:12
2 - 42% - 50% - 0:53
PK3 Forward
1 - 0% - 50%
2 - 0% - 50%
PK3 Defense
1 - 0% - 50%
2 - 0% - 50%
44 Forward
1 - 0% - 50%
2 - 0% - 50%
44 Defense
1 - 0% - 50%
2 - 0% - 50%
Last Minute Offensive - 0:00
Last Minute Defensive - 0:00
Total
Forward - 60:00
Defense - 60:00
|
% Time on Ice - Chicago Black Hawks
Lines # - Real PCT - Wanted PCT - Time Play
Normal Forward
1 - 26% - 30% - 13:50
2 - 28% - 30% - 15:05
3 - 30% - 25% - 15:45
4 - 16% - 15% - 8:22
Normal Defense
1 - 28% - 30% - 14:56
2 - 32% - 30% - 17:01
3 - 27% - 25% - 14:35
4 - 12% - 15% - 6:30
PP Forward
1 - 50% - 50% - 1:03
2 - 50% - 50% - 1:02
PP Defense
1 - 51% - 50% - 1:04
2 - 49% - 50% - 1:01
PK Forward
1 - 48% - 50% - 2:21
2 - 52% - 50% - 2:32
PK Defense
1 - 70% - 50% - 3:26
2 - 30% - 50% - 1:27
PK3 Forward
1 - 0% - 50%
2 - 0% - 50%
PK3 Defense
1 - 0% - 50%
2 - 0% - 50%
44 Forward
1 - 0% - 50%
2 - 0% - 50%
44 Defense
1 - 0% - 50%
2 - 0% - 50%
Last Minute Offensive - 0:00
Last Minute Defensive - 0:00
Total
Forward - 60:00
Defense - 60:00
|
Play-by-Play
1st period
0:01 of 1st period - Claude Giroux wins face-off versus Logan Cooley in neutral zone.
0:50 of 1st period - Snap shot by Andrei Kuzmenko.
0:50 of 1st period - Shot Blocked by Barrett Hayton.
0:52 of 1st period - Slapshot by MacKenzie Weegar.
0:52 of 1st period - Shot Blocked by Barrett Hayton.
0:54 of 1st period - Snap shot by Noah Dobson.
0:54 of 1st period - Shot Blocked by Vincent Desharnais.
1:06 of 1st period - Owen Power is hit by Jack Drury and loses puck.
1:32 of 1st period - Snap shot by Matthew Boldy.
1:32 of 1st period - Shot Misses the Net.
1:34 of 1st period - Slapshot by K'Andre Miller.
1:34 of 1st period - Shot Misses the Net.
2:54 of 1st period - MacKenzie Weegar is hit by Leo Carlsson and loses puck.
3:03 of 1st period - Snap shot by Seth Jarvis.
3:03 of 1st period - Shot Misses the Net.
3:15 of 1st period - Wrist shot by Bobby Brink.
3:15 of 1st period - Deflect By Joseph Veleno.
3:15 of 1st period - Stopped by Jonas Johansson with a rebound.
4:01 of 1st period - Wrist shot by Blake Wheeler.
4:01 of 1st period - Stopped by Adin Hill without a rebound.
4:02 of 1st period - Joseph Veleno wins face-off versus Blake Wheeler in Chicago Black Hawks zone.
4:11 of 1st period - Snap shot by Bobby Brink.
4:11 of 1st period - Stopped by Jonas Johansson with a rebound.
4:49 of 1st period - Wrist shot by Andrei Kuzmenko.
4:49 of 1st period - Stopped by Adin Hill with a rebound.
5:01 of 1st period - Lucas Raymond is hit by K'Andre Miller and loses puck.
5:34 of 1st period - Bobby Brink is hit by Andrei Svechnikov and loses puck.
5:40 of 1st period - Off-side.
5:41 of 1st period - Blake Wheeler wins face-off versus Cole Sillinger in neutral zone.
5:48 of 1st period - Wrist shot by Trent Frederic.
5:48 of 1st period - Deflect By Blake Wheeler.
5:48 of 1st period - Shot Misses the Net.
5:48 of 1st period - Puck is out of play.
5:49 of 1st period - Trevor Zegras wins face-off versus Blake Wheeler in Chicago Black Hawks zone.
5:56 of 1st period - Wrist shot by Blake Wheeler.
5:56 of 1st period - Shot Misses the Net.
5:58 of 1st period - Slapshot by Alexander Alexeyev.
5:58 of 1st period - Shot Misses the Net.
6:04 of 1st period - Wrist shot by Blake Wheeler.
6:04 of 1st period - Deflect By Ryan Reaves.
6:04 of 1st period - Shot Misses the Net.
6:04 of 1st period - Puck is out of play.
6:05 of 1st period - Jack Drury wins face-off versus Vitali Kravtsov in Chicago Black Hawks zone.
6:32 of 1st period - Adam Fantilli is hit by Justin Faulk and loses puck.
6:53 of 1st period - Slapshot by Trevor Zegras.
6:53 of 1st period - Stopped by Jonas Johansson with a rebound.
6:55 of 1st period - Snap shot by Cole Sillinger.
6:55 of 1st period - Shot Misses the Net.
6:57 of 1st period - Slapshot by Cole Sillinger.
6:57 of 1st period - Shot Misses the Net.
7:01 of 1st period - Snap shot by Cole Sillinger.
7:01 of 1st period - Deflect By Trevor Zegras.
7:01 of 1st period - Stopped by Jonas Johansson with a rebound.
8:06 of 1st period - Wrist shot by Matthew Boldy.
8:06 of 1st period - Stopped by Adin Hill without a rebound.
8:07 of 1st period - Cole Sillinger wins face-off versus Logan Cooley in Chicago Black Hawks zone.
8:07 of 1st period - Cole Sillinger is hit by Logan Cooley.
8:21 of 1st period - Wrist shot by Trevor Zegras.
8:21 of 1st period - Stopped by Jonas Johansson with a rebound.
8:31 of 1st period - Bobby Brink is hit by Matthew Boldy and loses puck.
9:19 of 1st period - Wrist shot by Trevor Zegras.
9:19 of 1st period - Shot Misses the Net.
9:21 of 1st period - Slapshot by Simon Nemec.
9:21 of 1st period - Deflect By Trevor Zegras.
9:21 of 1st period - Shot Misses the Net.
9:21 of 1st period - Puck is out of play.
9:22 of 1st period - Adam Fantilli wins face-off versus Joseph Veleno in Los Angeles Kings zone.
9:37 of 1st period - Snap shot by Barrett Hayton.
9:37 of 1st period - Shot Misses the Net.
9:51 of 1st period - Wrist shot by Claude Giroux.
9:51 of 1st period - Stopped by Jonas Johansson without a rebound.
9:52 of 1st period - Claude Giroux wins face-off versus Michael Eyssimont in Los Angeles Kings zone.
9:57 of 1st period - Wrist shot by Lucas Raymond.
9:57 of 1st period - Shot Blocked by Alexander Alexeyev.
10:28 of 1st period - Minor Penalty to David Jiricek for Holding.
10:29 of 1st period - Colton Sissons wins face-off versus Logan Cooley in Chicago Black Hawks zone.
10:54 of 1st period - Colton Sissons is hit by Adam Fantilli and loses puck.
11:06 of 1st period - Off-side.
11:07 of 1st period - Claude Giroux wins face-off versus Logan Cooley in neutral zone.
12:21 of 1st period - Owen Power is hit by Urho Vaakanainen and loses puck.
12:28 of 1st period - Penalty to David Jiricek is over, David Jiricek is back on ice.
12:32 of 1st period - Urho Vaakanainen is hit by Seth Jarvis and loses puck.
12:51 of 1st period - Wrist shot by Bobby Brink.
12:51 of 1st period - Stopped by Jonas Johansson with a rebound.
13:21 of 1st period - Snap shot by Andrei Kuzmenko.
13:21 of 1st period - Shot Misses the Net.
13:23 of 1st period - Wrist shot by Alexander Alexeyev.
13:23 of 1st period - Goal by Alexander Alexeyev - Los Angeles Kings : 1 - Chicago Black Hawks : 0.
13:24 of 1st period - Claude Giroux wins face-off versus Adam Fantilli in neutral zone.
13:49 of 1st period - K'Andre Miller is hit by Justin Faulk and loses puck.
13:58 of 1st period - Wrist shot by Barrett Hayton.
13:58 of 1st period - Stopped by Jonas Johansson without a rebound.
13:59 of 1st period - Adam Fantilli wins face-off versus Cole Sillinger in Los Angeles Kings zone.
14:25 of 1st period - Vincent Desharnais is hit by Logan Cooley and loses puck.
15:08 of 1st period - Caleb Jones is hit by Michael Eyssimont and loses puck.
15:15 of 1st period - Owen Power is hit by Barrett Hayton.
15:46 of 1st period - Backhand shot by Claude Giroux.
15:46 of 1st period - Stopped by Jonas Johansson with a rebound.
15:48 of 1st period - Wrist shot by Lucas Raymond.
15:48 of 1st period - Stopped by Jonas Johansson without a rebound.
15:49 of 1st period - Claude Giroux wins face-off versus Logan Cooley in Los Angeles Kings zone.
15:52 of 1st period - Wrist shot by Claude Giroux.
15:52 of 1st period - Shot Blocked by Noah Dobson.
16:06 of 1st period - Slapshot by Seth Jarvis.
16:06 of 1st period - Stopped by Adin Hill with a rebound.
16:08 of 1st period - Snap shot by Noah Dobson.
16:08 of 1st period - Stopped by Adin Hill with a rebound.
16:10 of 1st period - Wrist shot by Matthew Boldy.
16:10 of 1st period - Shot Hit the Post.
16:22 of 1st period - Snap shot by Seth Jarvis.
16:22 of 1st period - Shot Misses the Net.
16:24 of 1st period - Snap shot by K'Andre Miller.
16:24 of 1st period - Stopped by Adin Hill with a rebound.
16:26 of 1st period - Wrist shot by Logan Cooley.
16:26 of 1st period - Stopped by Adin Hill with a rebound.
16:28 of 1st period - Snap shot by Owen Power.
16:28 of 1st period - Shot Misses the Net.
16:30 of 1st period - Snap shot by Logan Cooley.
16:30 of 1st period - Goal by Logan Cooley - Los Angeles Kings : 2 - Chicago Black Hawks : 0.
16:31 of 1st period - Cole Sillinger wins face-off versus Andrei Svechnikov in neutral zone.
16:46 of 1st period - Backhand shot by Adam Fantilli.
16:46 of 1st period - Shot Blocked by Vincent Desharnais.
17:18 of 1st period - Snap shot by Claude Giroux.
17:18 of 1st period - Stopped by Jonas Johansson with a rebound.
18:20 of 1st period - Off-side.
18:21 of 1st period - Claude Giroux wins face-off versus Blake Wheeler in neutral zone.
18:34 of 1st period - Wrist shot by Lucas Raymond.
18:34 of 1st period - Shot Blocked by Alexander Romanov.
19:07 of 1st period - Wrist shot by Barrett Hayton.
19:07 of 1st period - Shot Misses the Net.
19:33 of 1st period - Snap shot by Andrei Kuzmenko.
19:33 of 1st period - Stopped by Adin Hill with a rebound.
19:35 of 1st period - Snap shot by Michael Eyssimont.
19:35 of 1st period - Shot Misses the Net.
19:37 of 1st period - Slapshot by Andrei Kuzmenko.
19:37 of 1st period - Stopped by Adin Hill without a rebound.
19:38 of 1st period - Adam Fantilli wins face-off versus Cole Sillinger in Chicago Black Hawks zone.
19:53 of 1st period - Slapshot by Adam Fantilli.
19:53 of 1st period - Shot Blocked by Cole Sillinger.
Goals for this period are 2 for Los Angeles Kings vs 0 for Chicago Black Hawks.
Shots for this period are 11 for Los Angeles Kings vs 11 for Chicago Black Hawks.
2nd period
0:01 of 2nd period - Jack Drury wins face-off versus Adam Fantilli in neutral zone.
0:08 of 2nd period - Snap shot by Jack Drury.
0:08 of 2nd period - Stopped by Jonas Johansson without a rebound.
0:09 of 2nd period - Jack Drury wins face-off versus Adam Fantilli in Los Angeles Kings zone.
0:10 of 2nd period - Snap shot by Claude Giroux.
0:10 of 2nd period - Shot Misses the Net.
0:12 of 2nd period - Backhand shot by Jack Drury.
0:12 of 2nd period - Stopped by Jonas Johansson with a rebound.
0:22 of 2nd period - Snap shot by Jack Drury.
0:22 of 2nd period - Stopped by Jonas Johansson with a rebound.
0:28 of 2nd period - Wrist shot by Claude Giroux.
0:28 of 2nd period - Goal by Claude Giroux - Los Angeles Kings : 2 - Chicago Black Hawks : 1.
0:29 of 2nd period - Claude Giroux wins face-off versus Logan Cooley in neutral zone.
0:56 of 2nd period - Simon Nemec is hit by Michael Eyssimont and loses puck.
1:44 of 2nd period - Blake Wheeler is hit by Urho Vaakanainen and loses puck.
2:07 of 2nd period - Wrist shot by Matthew Boldy.
2:07 of 2nd period - Shot Misses the Net.
2:15 of 2nd period - Snap shot by Matthew Boldy.
2:15 of 2nd period - Shot Misses the Net.
2:29 of 2nd period - Snap shot by Bobby Brink.
2:29 of 2nd period - Shot Misses the Net.
2:31 of 2nd period - Snap shot by Bobby Brink.
2:31 of 2nd period - Shot Blocked by Michael Eyssimont.
3:07 of 2nd period - Snap shot by Matthew Boldy.
3:07 of 2nd period - Stopped by Adin Hill with a rebound.
3:09 of 2nd period - Wrist shot by Logan Cooley.
3:09 of 2nd period - Goal by Logan Cooley - Los Angeles Kings : 3 - Chicago Black Hawks : 1.
3:10 of 2nd period - Logan Cooley wins face-off versus Cole Sillinger in neutral zone.
4:09 of 2nd period - Snap shot by Joseph Veleno.
4:09 of 2nd period - Shot Blocked by Owen Power.
4:36 of 2nd period - Minor Penalty to Matthew Boldy for Tripping.
4:37 of 2nd period - Cole Sillinger wins face-off versus Seth Jarvis in Los Angeles Kings zone.
5:29 of 2nd period - MacKenzie Weegar is hit by Colton Sissons and loses puck.
6:36 of 2nd period - Penalty to Matthew Boldy is over, Matthew Boldy is back on ice.
6:41 of 2nd period - Logan Cooley is hit by Caleb Jones and loses puck.
7:52 of 2nd period - Bobby Brink is hit by Alexander Romanov and loses puck.
8:09 of 2nd period - Slapshot by Alexander Romanov.
8:09 of 2nd period - Stopped by Adin Hill without a rebound.
8:10 of 2nd period - Adam Fantilli wins face-off versus Cole Sillinger in Chicago Black Hawks zone.
8:17 of 2nd period - Snap shot by Adam Fantilli.
8:17 of 2nd period - Shot Misses the Net.
8:33 of 2nd period - Wrist shot by Matthew Boldy.
8:33 of 2nd period - Shot Misses the Net.
8:35 of 2nd period - Slapshot by K'Andre Miller.
8:35 of 2nd period - Deflect By Colton Sissons.
8:35 of 2nd period - Stopped by Adin Hill with a rebound.
8:37 of 2nd period - Snap shot by Logan Cooley.
8:37 of 2nd period - Stopped by Adin Hill with a rebound.
8:39 of 2nd period - Wrist shot by Logan Cooley.
8:39 of 2nd period - Goal by Logan Cooley - Los Angeles Kings : 4 - Chicago Black Hawks : 1.
8:40 of 2nd period - Claude Giroux wins face-off versus Adam Fantilli in neutral zone.
8:43 of 2nd period - Slapshot by Justin Faulk.
8:43 of 2nd period - Deflect By Lucas Raymond.
8:43 of 2nd period - Shot Misses the Net.
8:43 of 2nd period - Puck is out of play.
8:44 of 2nd period - Claude Giroux wins face-off versus Adam Fantilli in Los Angeles Kings zone.
9:09 of 2nd period - Snap shot by Cole Sillinger.
9:09 of 2nd period - Stopped by Jonas Johansson with a rebound.
9:11 of 2nd period - Snap shot by Leo Carlsson.
9:11 of 2nd period - Shot Misses the Net.
9:13 of 2nd period - Snap shot by Leo Carlsson.
9:13 of 2nd period - Stopped by Jonas Johansson with a rebound.
9:15 of 2nd period - Slapshot by Simon Nemec.
9:15 of 2nd period - Shot Misses the Net.
9:33 of 2nd period - Snap shot by Andrei Kuzmenko.
9:33 of 2nd period - Stopped by Adin Hill with a rebound.
9:35 of 2nd period - Slapshot by MacKenzie Weegar.
9:35 of 2nd period - Stopped by Adin Hill with a rebound.
9:37 of 2nd period - Slapshot by MacKenzie Weegar.
9:37 of 2nd period - Shot Misses the Net.
9:39 of 2nd period - Wrist shot by Andrei Kuzmenko.
9:39 of 2nd period - Stopped by Adin Hill without a rebound.
9:40 of 2nd period - Claude Giroux wins face-off versus Adam Fantilli in Chicago Black Hawks zone.
10:37 of 2nd period - Snap shot by Bobby Brink.
10:37 of 2nd period - Stopped by Jonas Johansson with a rebound.
10:49 of 2nd period - Snap shot by Blake Wheeler.
10:49 of 2nd period - Stopped by Adin Hill without a rebound.
10:50 of 2nd period - Blake Wheeler wins face-off versus Claude Giroux in Chicago Black Hawks zone.
11:00 of 2nd period - Trent Frederic beats up Simon Nemec.
11:00 of 2nd period - Penalty to Simon Nemec for Fighting.
11:00 of 2nd period - Penalty to Trent Frederic for Fighting.
11:01 of 2nd period - Claude Giroux wins face-off versus Adam Fantilli in Los Angeles Kings zone.
11:15 of 2nd period - Minor Penalty to Justin Faulk for High sticking.
11:16 of 2nd period - Adam Fantilli wins face-off versus Lucas Raymond in Chicago Black Hawks zone.
11:42 of 2nd period - David Jiricek is hit by Seth Jarvis and loses puck.
13:15 of 2nd period - Penalty to Justin Faulk is over, Justin Faulk is back on ice.
13:15 of 2nd period - Logan Cooley is hit by Justin Faulk and loses puck.
13:30 of 2nd period - Snap shot by Barrett Hayton.
13:30 of 2nd period - Shot Misses the Net.
15:40 of 2nd period - Icing by K'Andre Miller.
15:41 of 2nd period - Logan Cooley wins face-off versus Jakob Pelletier in Los Angeles Kings zone.
16:24 of 2nd period - Michael Eyssimont is hit by Claude Giroux and loses puck.
16:50 of 2nd period - Wrist shot by Trent Frederic.
16:50 of 2nd period - Deflect By Ryan Reaves.
16:50 of 2nd period - Shot Misses the Net.
16:50 of 2nd period - Puck is out of play.
16:51 of 2nd period - Cole Sillinger wins face-off versus Logan Cooley in Chicago Black Hawks zone.
16:51 of 2nd period - Cole Sillinger is hit by Logan Cooley.
16:57 of 2nd period - MacKenzie Weegar is hit by Leo Carlsson and loses puck.
17:28 of 2nd period - Snap shot by Barrett Hayton.
17:28 of 2nd period - Shot Blocked by Seth Jarvis.
17:31 of 2nd period - Icing by Logan Cooley.
17:32 of 2nd period - Logan Cooley wins face-off versus Claude Giroux in Los Angeles Kings zone.
17:41 of 2nd period - Minor Penalty to MacKenzie Weegar for High sticking.
17:42 of 2nd period - Claude Giroux wins face-off versus Andrei Svechnikov in Los Angeles Kings zone.
17:43 of 2nd period - Wrist shot by Lucas Raymond.
17:43 of 2nd period - Stopped by Jonas Johansson without a rebound.
17:44 of 2nd period - Claude Giroux wins face-off versus Andrei Svechnikov in Los Angeles Kings zone.
17:45 of 2nd period - Snap shot by Lucas Raymond.
17:45 of 2nd period - Stopped by Jonas Johansson with a rebound.
17:47 of 2nd period - Snap shot by Colton Sissons.
17:47 of 2nd period - Goal by Colton Sissons - Los Angeles Kings : 4 - Chicago Black Hawks : 2.
17:48 of 2nd period - Claude Giroux wins face-off versus Adam Fantilli in neutral zone.
18:04 of 2nd period - Alex Gallant is hit by Claude Giroux and loses puck.
19:27 of 2nd period - Wrist shot by Trevor Zegras.
19:27 of 2nd period - Shot Blocked by K'Andre Miller.
Goals for this period are 2 for Los Angeles Kings vs 2 for Chicago Black Hawks.
Shots for this period are 10 for Los Angeles Kings vs 10 for Chicago Black Hawks.
3rd period
0:01 of 3rd period - Adam Fantilli wins face-off versus Claude Giroux in neutral zone.
0:26 of 3rd period - Simon Nemec is hit by Michael Eyssimont and loses puck.
0:45 of 3rd period - Snap shot by Leo Carlsson.
0:45 of 3rd period - Shot Misses the Net.
0:47 of 3rd period - Slapshot by Joseph Veleno.
0:47 of 3rd period - Stopped by Jonas Johansson with a rebound.
0:49 of 3rd period - Snap shot by Simon Nemec.
0:49 of 3rd period - Stopped by Jonas Johansson with a rebound.
1:27 of 3rd period - Slapshot by Adam Fantilli.
1:27 of 3rd period - Stopped by Adin Hill with a rebound.
1:29 of 3rd period - Wrist shot by Andrei Svechnikov.
1:29 of 3rd period - Shot Blocked by David Jiricek.
1:31 of 3rd period - Snap shot by Adam Fantilli.
1:31 of 3rd period - Stopped by Adin Hill without a rebound.
1:32 of 3rd period - Adam Fantilli wins face-off versus Joseph Veleno in Chicago Black Hawks zone.
1:43 of 3rd period - Snap shot by Andrei Svechnikov.
1:43 of 3rd period - Deflect By Adam Fantilli.
1:43 of 3rd period - Stopped by Adin Hill with a rebound.
2:32 of 3rd period - Icing by Vincent Desharnais.
2:33 of 3rd period - Joseph Veleno wins face-off versus Adam Fantilli in Chicago Black Hawks zone.
2:38 of 3rd period - Slapshot by Barrett Hayton.
2:38 of 3rd period - Shot Misses the Net.
2:40 of 3rd period - Wrist shot by Bobby Brink.
2:40 of 3rd period - Stopped by Jonas Johansson with a rebound.
2:42 of 3rd period - Slapshot by Barrett Hayton.
2:42 of 3rd period - Stopped by Jonas Johansson with a rebound.
2:44 of 3rd period - Snap shot by Joseph Veleno.
2:44 of 3rd period - Shot Misses the Net.
2:46 of 3rd period - Wrist shot by Barrett Hayton.
2:46 of 3rd period - Shot Misses the Net.
2:48 of 3rd period - Wrist shot by Urho Vaakanainen.
2:48 of 3rd period - Stopped by Jonas Johansson without a rebound.
2:49 of 3rd period - Claude Giroux wins face-off versus Michael Eyssimont in Los Angeles Kings zone.
3:12 of 3rd period - Justin Faulk is hit by MacKenzie Weegar and loses puck.
3:34 of 3rd period - Slapshot by Justin Faulk.
3:34 of 3rd period - Stopped by Jonas Johansson without a rebound.
3:35 of 3rd period - Logan Cooley wins face-off versus Jack Drury in Los Angeles Kings zone.
4:40 of 3rd period - Snap shot by Claude Giroux.
4:40 of 3rd period - Shot Misses the Net.
4:42 of 3rd period - Wrist shot by Claude Giroux.
4:42 of 3rd period - Shot Blocked by Alexander Alexeyev.
4:44 of 3rd period - Slapshot by Noah Cates.
4:44 of 3rd period - Stopped by Jonas Johansson without a rebound.
4:45 of 3rd period - Cole Sillinger wins face-off versus Michael Eyssimont in Los Angeles Kings zone.
5:33 of 3rd period - Slapshot by MacKenzie Weegar.
5:33 of 3rd period - Shot Misses the Net.
6:04 of 3rd period - Icing by Colton Sissons.
6:05 of 3rd period - Trent Frederic wins face-off versus Jakob Pelletier in Chicago Black Hawks zone.
6:10 of 3rd period - Snap shot by Blake Wheeler.
6:10 of 3rd period - Stopped by Adin Hill without a rebound.
6:11 of 3rd period - Blake Wheeler wins face-off versus Cole Sillinger in Chicago Black Hawks zone.
7:06 of 3rd period - Matthew Boldy is hit by Joseph Veleno and loses puck.
7:18 of 3rd period - Icing by Caleb Jones.
7:19 of 3rd period - Bobby Brink wins face-off versus Andrei Kuzmenko in Chicago Black Hawks zone.
7:22 of 3rd period - Slapshot by Noah Dobson.
7:22 of 3rd period - Shot Misses the Net.
7:26 of 3rd period - Snap shot by Andrei Kuzmenko.
7:26 of 3rd period - Deflect By Michael Eyssimont.
7:26 of 3rd period - Shot Misses the Net.
7:26 of 3rd period - Puck is out of play.
7:27 of 3rd period - Claude Giroux wins face-off versus Michael Eyssimont in Chicago Black Hawks zone.
7:52 of 3rd period - Alex Gallant is hit by Trevor Zegras.
8:20 of 3rd period - Snap shot by Seth Jarvis.
8:20 of 3rd period - Stopped by Adin Hill with a rebound.
8:38 of 3rd period - Wrist shot by Trent Frederic.
8:38 of 3rd period - Deflect By Claude Giroux.
8:38 of 3rd period - Goal by Trent Frederic - Los Angeles Kings : 5 - Chicago Black Hawks : 2.
8:39 of 3rd period - Claude Giroux wins face-off versus Adam Fantilli in neutral zone.
8:52 of 3rd period - Slapshot by Adam Fantilli.
8:52 of 3rd period - Stopped by Adin Hill with a rebound.
9:06 of 3rd period - Leo Carlsson is hit by Logan Cooley and loses puck.
10:42 of 3rd period - Snap shot by Bobby Brink.
10:42 of 3rd period - Stopped by Jonas Johansson without a rebound.
10:43 of 3rd period - Joseph Veleno wins face-off versus Michael Eyssimont in Los Angeles Kings zone.
10:52 of 3rd period - Joseph Veleno is hit by Andrei Kuzmenko and loses puck.
11:55 of 3rd period - Alex Gallant is hit by Vincent Desharnais and loses puck.
12:13 of 3rd period - Icing by Barrett Hayton.
12:14 of 3rd period - Claude Giroux wins face-off versus Michael Eyssimont in Chicago Black Hawks zone.
12:19 of 3rd period - Michael Eyssimont is hit by Urho Vaakanainen and loses puck.
12:44 of 3rd period - Wrist shot by Andrei Svechnikov.
12:44 of 3rd period - Shot Misses the Net.
12:46 of 3rd period - Slapshot by K'Andre Miller.
12:46 of 3rd period - Shot Misses the Net.
12:48 of 3rd period - Slapshot by Alex Gallant.
12:48 of 3rd period - Stopped by Adin Hill with a rebound.
12:50 of 3rd period - Backhand shot by Andrei Svechnikov.
12:50 of 3rd period - Stopped by Adin Hill without a rebound.
12:51 of 3rd period - Cole Sillinger wins face-off versus Logan Cooley in Chicago Black Hawks zone.
13:07 of 3rd period - Icing by Seth Jarvis.
13:08 of 3rd period - Claude Giroux wins face-off versus Logan Cooley in Los Angeles Kings zone.
13:19 of 3rd period - Colton Sissons is hit by Matthew Boldy and loses puck.
13:38 of 3rd period - Alexander Alexeyev is hit by Leo Carlsson.
13:44 of 3rd period - Slapshot by Cole Sillinger.
13:44 of 3rd period - Shot Blocked by Seth Jarvis.
13:46 of 3rd period - Snap shot by Cole Sillinger.
13:46 of 3rd period - Shot Blocked by Logan Cooley.
14:53 of 3rd period - Snap shot by Adam Fantilli.
14:53 of 3rd period - Stopped by Adin Hill with a rebound.
14:55 of 3rd period - Slapshot by Owen Power.
14:55 of 3rd period - Stopped by Adin Hill with a rebound.
15:06 of 3rd period - Icing by Urho Vaakanainen.
15:07 of 3rd period - Joseph Veleno wins face-off versus Vitali Kravtsov in Chicago Black Hawks zone.
15:12 of 3rd period - Snap shot by Bobby Brink.
15:12 of 3rd period - Stopped by Jonas Johansson with a rebound.
15:37 of 3rd period - Snap shot by Noah Dobson.
15:37 of 3rd period - Shot Blocked by Leo Carlsson.
15:39 of 3rd period - Wrist shot by Seth Jarvis.
15:39 of 3rd period - Stopped by Adin Hill with a rebound.
15:41 of 3rd period - Slapshot by Noah Dobson.
15:41 of 3rd period - Shot Blocked by Justin Faulk.
15:43 of 3rd period - Slapshot by Noah Dobson.
15:43 of 3rd period - Deflect By Simon Nemec.
15:43 of 3rd period - Stopped by Adin Hill with a rebound.
16:01 of 3rd period - Slapshot by Justin Faulk.
16:01 of 3rd period - Stopped by Jonas Johansson without a rebound.
16:02 of 3rd period - Adam Fantilli wins face-off versus Claude Giroux in Los Angeles Kings zone.
16:17 of 3rd period - Snap shot by Colton Sissons.
16:17 of 3rd period - Stopped by Jonas Johansson with a rebound.
16:19 of 3rd period - Wrist shot by Caleb Jones.
16:19 of 3rd period - Shot Blocked by Owen Power.
16:38 of 3rd period - Michael Eyssimont is hit by Cole Sillinger and loses puck.
17:08 of 3rd period - Slapshot by Alexander Romanov.
17:08 of 3rd period - Deflect By Claude Giroux.
17:08 of 3rd period - Stopped by Adin Hill with a rebound.
17:10 of 3rd period - Wrist shot by Ryan Reaves.
17:10 of 3rd period - Shot Misses the Net.
17:14 of 3rd period - Slapshot by Blake Wheeler.
17:14 of 3rd period - Stopped by Adin Hill with a rebound.
17:20 of 3rd period - Snap shot by Trent Frederic.
17:20 of 3rd period - Deflect By Blake Wheeler.
17:20 of 3rd period - Shot Misses the Net.
17:20 of 3rd period - Puck is out of play.
17:21 of 3rd period - Cole Sillinger wins face-off versus Adam Fantilli in Chicago Black Hawks zone.
17:21 of 3rd period - Cole Sillinger is hit by Andrei Svechnikov.
17:26 of 3rd period - Urho Vaakanainen is hit by K'Andre Miller.
17:46 of 3rd period - Michael Eyssimont is hit by Barrett Hayton and loses puck.
17:51 of 3rd period - Slapshot by Joseph Veleno.
17:51 of 3rd period - Stopped by Jonas Johansson without a rebound.
17:52 of 3rd period - Michael Eyssimont wins face-off versus Joseph Veleno in Los Angeles Kings zone.
18:37 of 3rd period - Snap shot by Andrei Kuzmenko.
18:37 of 3rd period - Stopped by Adin Hill with a rebound.
18:39 of 3rd period - Slapshot by Owen Power.
18:39 of 3rd period - Stopped by Adin Hill with a rebound.
18:41 of 3rd period - Snap shot by Andrei Kuzmenko.
18:41 of 3rd period - Stopped by Adin Hill with a rebound.
19:04 of 3rd period - Minor Penalty to David Jiricek for Roughing.
19:05 of 3rd period - Claude Giroux wins face-off versus Logan Cooley in Chicago Black Hawks zone.
19:44 of 3rd period - Justin Faulk is hit by Adam Fantilli and loses puck.
Goals for this period are 1 for Los Angeles Kings vs 0 for Chicago Black Hawks.
Shots for this period are 18 for Los Angeles Kings vs 12 for Chicago Black Hawks.
Back to the Top